 Dungeon Crawl Stone Soup version 0.28-b1-1-g3c77fb2ed1 (webtiles) character file.

Game seed: 5443429108285217164

7085 McKennaii the Destroyer (level 10, -5/69 HPs)
             Began as a Demigod Conjurer on Jan 28, 2022.
             Slain by a queen bee (15 damage)
             ... on level 12 of the Dungeon.
             The game lasted 00:17:51 (13239 turns).

McKennaii the Destroyer (Demigod Conjurer)         Turns: 13239, Time: 00:17:52

Health: -5/69      AC:  9    Str: 14    XL:     10   Next: 54%
Magic:  4/28       EV: 11    Int: 32    God:
Gold:   469        SH:  0    Dex: 10    Spells: 22/29 levels left

rFire   + . .      SeeInvis .   t - +1 trident (protect)
rCold   + . .      Faith    .   (no shield)
rNeg    + . .      Spirit   .   w - +2 leather armour {Will+}
rPois   .          Reflect  .   e - +2 helmet
rElec   .          Harm     .   E - scarf {rC+ rF+}
rCorr   .          Rampage  .   (no gloves)
Will    ++...                   h - +0 pair of boots
Stlth   +.........              (no amulet)
HPRegen 0.21/turn               b - ring of positive energy
MPRegen 0.21/turn               d - +6 ring of strength

@: lethally poisoned (-5 -> -29)
A: high mp 1, forlorn, divine attributes, clumsy 1
a: no special abilities


You were on level 12 of the Dungeon.
You visited 1 branch of the dungeon, and saw 11 of its levels.

You collected 469 gold pieces.

Inventory:

Hand Weapons
 t - a +1 trident of protection (weapon)
Armour
 e - a +2 helmet (worn)
 h - a +0 pair of boots (worn)
 w - a +2 leather armour of willpower (worn)
 E - a scarf of resistance (worn)
Jewellery
 b - a ring of positive energy (left hand)
 d - a +6 ring of strength (right hand)
 D - a ring of willpower
 F - an amulet of reflection
Wands
 a - a wand of iceblast (6)
 c - a wand of digging (7)
 y - a wand of flame (53)
 C - a wand of charming (5)
Scrolls
 f - a scroll of teleportation
 g - 2 scrolls of immolation {unknown}
 j - 2 scrolls of enchant weapon
 k - a scroll of torment {unknown}
 l - a scroll of fog {unknown}
 m - 2 scrolls of acquirement {unknown}
 o - 2 scrolls of magic mapping {unknown}
 p - a scroll of vulnerability {unknown}
 r - 8 scrolls of identify {unknown}
 u - a scroll of blinking {unknown}
 x - a scroll of noise {unknown}
Potions
 i - 2 potions of flight
 n - a potion of resistance
 q - a potion of brilliance {unknown}
 s - a potion of haste {unknown}
 v - a potion of curing {unknown}
 z - a potion of cancellation
 A - a potion of lignification {unknown}
 B - 2 potions of mutation {unknown}


   Skills:
 - Level 4.0 Armour
 - Level 1.7 Dodging
 - Level 1.7 Stealth
 - Level 10.0 Spellcasting
 + Level 11.0 Conjurations


You had 22 spell levels left.
You knew the following spells:

 Your Spells              Type           Power      Damage    Failure   Level
a - Magic Dart            Conj           100%       1d8       1%          1
b - Searing Ray           Conj           100%       2d8       1%          2
c - Iskenderun's Mystic   Conj/Tloc      50%        2d11      3%          4

Your spell library contained the following spells:

 Spells                   Type           Power      Damage    Failure   Level
 Shock                    Conj/Air       100%       1d9       1%          1
 Conjure Flame            Conj/Fire      50%        6-21      1%          3
 Dazzling Flash           Conj/Hex       100%       N/A       1%          3
 Fulminant Prism          Conj/Hex       25%        3d14      3%          4
 Sticky Flame             Conj/Fire      50%        2d7       3%          4
 Corpse Rot               Necr/Air       32%        N/A       5%          2
 Ignite Poison            Fire/Tmut/Pois 16%        N/A       11%         3
 Inner Flame              Hex/Fire       16%        N/A       11%         3
 Ozocubu's Armour         Ice            16%        N/A       11%         3
 Animate Armour           Summ/Erth      32%        N/A       36%         4
 Cause Fear               Hex            8%         N/A       36%         4
 Dispel Undead            Necr           16%        3d10      36%         4
 Iron Shot                Conj/Erth      25%        9d5       52%         6
 Blade Hands              Tmut           8%         N/A       71%         5
 Death Channel            Necr           8%         N/A       99%         6
 Ozocubu's Refrigeration  Ice            8%         4d6       100%        7
 Discord                  Hex            8%         N/A       100%        8


Dungeon Overview and Level Annotations

Branches:
Dungeon (10/15)            Temple (0/1) D:7            Lair (0/6) D:10
    Orc (0/2) D:9

Shops:
D:5 [


Innate Abilities, Weirdness & Mutations

You have an increased reservoir of magic. (+10% MP)
You shall have no god before yourself.
Your divine heritage dramatically boosts your attributes as you level up.
You are clumsy. (Dex -2)


Message History

Okay, then.
As you read the scroll labelled ZEUF JOTIOH, it crumbles to dust.
It is a scroll of enchant weapon.
Your +0 trident of protection glows red for a moment.
The killer bee buzzes angrily.
You hear an angry buzzing noise.
The boulder beetle leaps!
You hear an angry buzzing noise.
Unknown command.
As you read the scroll labelled NEOMOQ WAYN, it crumbles to dust.
You feel strangely unstable.
It was a scroll of teleportation.
You hear an angry buzzing noise.
The queen bee stings you.
You are poisoned.
The queen bee poisons you! The killer bee barely misses you.
A boulder beetle comes into view.
You hear an angry buzzing noise. x2
It was a potion of flight.
You feel very buoyant.
You fly up into the air.
You feel very sick.
You hear an angry buzzing noise. x2
The killer bee stings you but does no damage. x2
The queen bee stings you! The killer bee stings you. x2
You are lethally poisoned!
The killer bee poisons you!
A killer bee comes into view.
Unknown command.
Unknown command.
It was a potion of cancellation.
You feel strangely stable.
Your magical effects are unravelling.
You feel magically purged.
You float gracefully downwards.
* * * LOW HITPOINT WARNING * * *
You feel extremely sick. The killer bee stings you.
* * * LOW HITPOINT WARNING * * *
The killer bee stings you.
* * * LOW HITPOINT WARNING * * *
The queen bee stings you!
You die...

#######
##.....##
##......$##
#..y......#
#..y@.....#
#..yy.....#
#...y.....#
#.#######.#
.y# # ...
.B. ..


You could see a boulder beetle, a queen bee and 5 killer bees.

Vanquished Creatures
  The ghost of DildoBatman the Magician, a novice FoCj (D:9)
  A cyclops (D:7)
  Maggie (D:9)
  A kobold demonologist (D:10)
  2 trolls
  A hornet (D:7)
  A wraith (D:12)
  2 wyverns
  A shadow (D:9)
  4 wargs
  An acid dragon (D:9)
  11 orc warriors
  A sky beast (D:5)
  A black bear (D:6)
  A necrophage (D:5)
  4 ogres
  A centaur (D:7)
  A phantom (D:5)
  The ghost of nogo the Covered, an amateur GrFi (D:3)
  2 bullfrogs
  2 scorpions
  A water moccasin skeleton (D:7)
  A killer bee (D:12)
  4 wights (D:8)
  3 howler monkeys (D:7)
  A bullfrog zombie (D:6)
  3 hounds
  A jelly (D:5)
  2 centaur skeletons
  13 orc priests
  2 gnoll shamans
  19 orc wizards
  A hound zombie (D:5)
  A hound skeleton (D:5)
  Robin (D:1)
  A howler monkey zombie (D:8)
  4 adders
  15 gnolls
  2 white imps
  3 worms
  2 dart slugs
  49 orcs
  7 endoplasms
  2 giant cockroaches (D:1)
  15 goblins
  9 hobgoblins
  7 jackals
  6 quokkas
  7 ball pythons
  6 bats
  8 frilled lizards
  4 kobolds
  8 rats
249 creatures vanquished.

Vanquished Creatures (others)
  A plant (D:10)
1 creature vanquished.

Grand Total: 250 creatures vanquished

Notes
Turn   | Place    | Note
-------+----------+-------------------------------------------
     0 | D:1      | McKennaii the Demigod Conjurer began the quest for the Orb.
     0 | D:1      | Reached XP level 1. HP: 14/14 MP: 5/5
   544 | D:1      | Reached XP level 2. HP: 20/20 MP: 3/7
   932 | D:1      | Reached skill level 4 in Conjurations
  1552 | D:2      | Reached XP level 3. HP: 25/26 MP: 4/9
  1753 | D:2      | Noticed Robin
  1773 | D:1      | Killed Robin
  1786 | D:1      | Learned a level 2 spell: Searing Ray
  2162 | D:2      | Reached XP level 4. HP: 33/33 MP: 1/11
  2181 | D:2      | Learned a level 4 spell: Iskenderun's Mystic Blast
  3378 | D:3      | Got Plato's Disquisition on Lightness
  3459 | D:3      | Reached XP level 5. HP: 38/38 MP: 7/13
  3505 | D:3      | Reached skill level 5 in Conjurations
  4032 | D:3      | Noticed nogo's ghost (amateur GrFi)
  4034 | D:3      | Found a transporter.
  4035 | D:3      | Noticed an ogre
  4038 | D:3      | Found a transporter.
  4438 | D:4      | Reached XP level 6. HP: 33/45 MP: 9/15
  5144 | D:5      | Entered Level 5 of the Dungeon
  5291 | D:5      | Reached skill level 6 in Conjurations
  5435 | D:5      | Reached XP level 7. HP: 40/50 MP: 3/17
  5698 | D:5      | Reached skill level 5 in Spellcasting
  5991 | D:5      | Found Dipseus's Antique Armour Boutique.
  6463 | D:6      | Reached skill level 7 in Conjurations
  6685 | D:6      | Reached XP level 8. HP: 57/57 MP: 13/20
  7759 | D:7      | Reached skill level 8 in Conjurations
  8137 | D:7      | Noticed a cyclops
  8408 | D:7      | Reached skill level 1 in Armour
  8514 | D:7      | Found a staircase to the Ecumenical Temple.
  8514 | D:7      | Noticed a hornet
  8518 | D:7      | Paralysed by a hornet for 1 turns
  8524 | D:7      | Killed a hornet
  8911 | D:3      | Killed nogo's ghost
  8912 | D:3      | Reached XP level 9. HP: 41/62 MP: 1/23
  9222 | D:7      | Killed a cyclops
  9617 | D:8      | Reached skill level 9 in Conjurations
 11132 | D:9      | Found a runed translucent gate.
 11133 | D:9      | Found a runed translucent gate.
 11134 | D:9      | Noticed DildoBatman's ghost (novice FoCj)
 11135 | D:9      | Found a runed translucent gate.
 11259 | D:9      | Noticed Maggie
 11273 | D:9      | Killed Maggie
 11274 | D:9      | Reached skill level 10 in Conjurations
 11274 | D:9      | Reached XP level 10. HP: 29/69 MP: 1/27
 11733 | D:9      | Found a staircase to the Orcish Mines.
 12157 | D:9      | Killed DildoBatman's ghost
 12609 | D:10     | Entered Level 10 of the Dungeon
 12661 | D:10     | Reached skill level 10 in Spellcasting
 12864 | D:10     | Gained mutation: You are clumsy. (Dex -2) [a neqoxec]
 13100 | D:10     | Found a staircase to the Lair.
 13228 | D:10     | You fall into a shaft and drop 2 floors!
 13231 | D:12     | Noticed a boulder beetle
 13236 | D:12     | Reached skill level 11 in Conjurations
 13237 | D:12     | Noticed a boulder beetle
 13239 | D:12     | Slain by a queen bee

Illustrated notes

Levels and vault maps discovered:
D:1:      erik_arrival_blinker_ship, layout_basic, nrook_uturn
D:2:      layout_loops_ring, serial_aquarium, aquarium_bridge_long_joined
          [aquarium_subvault_wall, aquarium_subvault_bridge,
          aquarium_subvault_wall, aquarium_subvault_window,
          aquarium_subvault_window, aquarium_subvault_bridge],
          aquarium_window_1, aquarium_window_2, aquarium_window_fake,
          aquarium_view_2d, aquarium_view_2d, minmay_stone_trees_small,
          hangedman_abyss_or_decor_stabs, uniq_robin
D:3:      layout_rooms, gammafunk_ghost_smash,
          shapermc_ecumenical_altar_rom_forum
D:4:      layout_basic
D:5:      layout_basic, serial_shops, kennysheep_little_box, grunt_ministairs_5,
          kennysheep_generic_room_6
D:6:      layout_basic, serial_curves, eino_curves_03, eino_curves_04,
          chequers_serial_rivers_large_a
D:7:      layout_loops_ring, minmay_temple_entry_fiery
D:8:      layout_rooms
D:9:      layout_roguey, david_orc_4, biasface_ghost_orc_armoury, uniq_maggie
D:10:     layout_loops_cross, grunt_gozag_statues, erik_lair_orcish_takeover,
          minivault_19
D:12:     layout_rooms, special_room [special_room_bee]

Skill      XL: |  1  2  3  4  5  6  7  8  9 10 |
---------------+-------------------------------+-----
Spellcasting   | 2 3 4 6 7 8 10 | 10.0
Conjurations   | 4 5 6 7 8 10 11 | 11.0
Armour         | 2 4 |  4.0
Dodging        | |  1.7
Stealth        | |  1.7

Action                   |  1- 3 |  4- 6 |  7- 9 | 10-12 || total
-------------------------+-------+-------+-------+-------++-------
Melee: Unarmed           |    31 |    32 |       |       ||    63
       Trident           |       |       |    35 |       ||    35
       Punch             |       |       |     1 |       ||     1
 Cast: Magic Dart        |   110 |   146 |   215 |    83 ||   554
       Searing Ray       |       |     7 |    50 |    17 ||    74
       Iskenderun's Myst |       |       |    20 |    18 ||    38
Evoke: Wand              |       |       |     1 |       ||     1
  Use: Potion            |       |       |     3 |     2 ||     5
       Scroll            |       |       |       |     2 ||     2
Armor: Robe              |     9 |    17 |     9 |       ||    35
       Leather armour    |       |       |    36 |    18 ||    54
Dodge: Dodged            |    35 |    36 |    71 |    18 ||   160
